Map: 프리온 단구

Players

llllllllllll (Scarlett) - Winner!

  • Race: Zerg Zerg
  • League: Grandmaster

llllllllllll (Dream)

  • Race: Terran Terran
  • League: Grandmaster

VOD

Have the link to the VOD?

Description

Time

  • Played on: April 10, 2016, 5:44 a.m.
  • Length: 4:15
Show
View Real Time Build Order
Export as new Build Order

llllllllllll Zerg - Winner!

Build Orders: Hatch First 

Get SALT Encoding   

  12  0:00  Drone  
  13  0:10  Drone  
  14  0:17  Overlord  
  14  0:24  Extractor  
  14  0:25  Drone  
  15  0:36  Drone x2  
  17  0:51  Hatchery  
  17  0:57  Drone  
  17  1:01  Drone  
  18  1:11  Spawning Pool  
  18  1:15  Extractor  
  18  1:17  Drone  
  17  1:20  Drone  
  18  1:27  Drone  
  19  1:37  Overlord  
  19  1:50  Drone  
  20  1:57  Queen  
  20  1:59  Zergling x2  
  23  2:03  Queen, Zergling x2  
  26  2:09  Spine Crawler  
  26  2:11  Zergling x2  
  26  2:15  Metabolic Boost  
  26  2:20  Zergling x2  
  27  2:27  Zergling x2  
  28  2:33  Queen  
  30  2:41  Queen  
  31  2:50  Roach Warren  
  30  3:01  Overlord  
  30  3:02  Drone x2  
  30  3:04  Drone  
  33  3:10  Overlord  
  33  3:13  Drone  
  34  3:31  Roach x4  
  42  3:40  Overlord  
  42  3:41  Drone  
  42  3:43  Extractor  
  42  3:52  Ravager  
  45  3:56  Drone  
  45  3:57  Drone x3  
  45  3:59  Extractor  
  45  4:00  Ravager  
Show
View Real Time Build Order
Export as new Build Order

llllllllllll Terran 

Build Orders:  

Get SALT Encoding   

  12  0:00  SCV  
  13  0:13  SCV  
  14  0:19  Supply Depot  
  14  0:25  SCV  
  15  0:29  Refinery  
  15  0:40  SCV  
  16  0:48  Barracks  
  16  1:02  Barracks  
  16  1:07  SCV  
  17  1:19  SCV  
  18  1:35  Reaper, Orbital Command  
  19  1:42  Supply Depot  
  19  1:50  Reaper  
  20  2:02  SCV  
  20  2:03  Bunker  
  20  2:07  Reaper  
  22  2:14  SCV  
  22  2:15  Bunker  
  23  2:26  Refinery  
  23  2:27  Barracks, SCV  
  24  2:32  Reaper  
  25  2:39  SCV  
  25  2:41  Reaper  
  26  2:51  SCV  
  27  2:55  Supply Depot  
  27  3:03  SCV  
  27  3:04  Reaper  
  29  3:13  Reaper  
  29  3:15  SCV  
  29  3:18  Reaper  
  32  3:22  Barracks  
  31  3:27  SCV  
  31  3:36  Reaper  
  31  3:39  SCV  
  33  3:46  Barracks  
  34  3:54  SCV  
  36  4:11  Command Center  
Tags
 
Add a new tag
Caveats
  • Supply blocks, unpowered buildings, or Contaminate may cause inaccurate times.
  • Supply counts are checked every 10 seconds.